 Dungeon Crawl Stone Soup version 0.14-a0-1403-g5d3c58f (webtiles) character file.

339 PolkaDot the Skirmisher (level 5, 0/42 HPs)
             Began as a Vampire Death Knight on Dec 10, 2013.
             Was a Priest of Yredelemnul.
             Slain by an ogre
             ... wielding a +0,+0 giant club
              (15 damage)
             ... on Level 4 of the Dungeon.
             The game lasted 00:11:03 (3647 turns).

PolkaDot the Skirmisher (Vampire Death Knight)      Turns: 3647, Time: 00:11:04

HP   0/42        AC  3     Str 12      XL: 5   Next: 54%
MP   5/6         EV 18     Int 13      God: Yredelemnul [***...]
Gold 132         SH  0     Dex 19      Spells:  0 memorised,  4 levels left

rFire  . . .     SeeInvis +     g - +0 short sword (speed)
rCold  . . .     Clarity  .     b - +0 leather armour
rNeg   + . .     Conserve .     (no shield)
rPois  .         rCorr    .     (no helmet)
rElec  .         rRot     .     (no cloak)
SustAb . .       Spirit   .     (no gloves)
rMut   .         Warding  .     (no boots)
Saprov . . .     Stasis   .     (no amulet)
                                (no ring)
                                (no ring)

@: agile, slightly resistant to hostile enchantments, stealthy
A: fangs 3, see invisible, unbreathing
a: Bat Form, Animate Dead, Recall Undead Slaves, Injury Mirror, Renounce
Religion


You were on level 4 of the Dungeon.
You worshipped Yredelemnul.
Yredelemnul was most pleased with you.
You were not thirsty.

You visited 1 branch of the dungeon, and saw 4 of its levels.

You collected 132 gold pieces.

Inventory:

Hand weapons
 g - a +0,+0 short sword of speed (weapon)
Armour
 b - a +0 leather armour (worn)
Magical devices
 e - a wand of slowing (6)
 k - a wand of paralysis (5) {unknown}
Scrolls
 h - a scroll of teleportation {unknown}
 l - 2 scrolls of remove curse
Jewellery
 a - an uncursed ring of teleportation
Potions
 c - 3 potions of curing
 f - 3 potions of resistance {unknown}
 i - a potion of flight {unknown}
Books
 j - a book of Alchemy

   Spells                             Type                      Level
   Lethal Infusion                    Charms/Necromancy            2
   Sublimation of Blood               Necromancy                   2
   Condensation Shield                Ice                          4
   Alistair's Intoxication            Transmutation/Poison         4
   Petrify                            Transmutation/Earth          4
   Ignite Poison                      Fire/Transmutation           5


   Skills:
 * Level 3.9 Fighting
 + Level 3.5 Short Blades
 - Level 0.7 Armour
 + Level 3.2 Dodging
 - Level 2.4 Invocations


You had 4 spell levels left.
You didn't know any spells.

Dungeon Overview and Level Annotations

Branches:
Dungeon (4/16)
 Temple: D:4-7

Altars:
Fedhas
Kikubaaqudgha
Trog
the Shining One


Innate Abilities, Weirdness & Mutations

You have razor-sharp teeth.*
You have supernaturally acute eyesight.
You can survive without breathing.*


Message History

You are too injured to fight recklessly!
Drink which item? (? for menu, Esc to quit)
You feel agile all of a sudden.
The gnoll skeleton completely misses you.
Your adder zombie bites the gnoll skeleton.
You hit the ogre.
The ogre is moderately wounded.
The ogre closely misses you.
You barely miss the ogre.
The ogre is moderately wounded.
The gnoll skeleton hits you.
Your adder zombie bites the gnoll skeleton.
Your gnoll zombie hits the gnoll skeleton with a whip.
Your leather armour prevents you from hitting the ogre.
You bite the ogre.
You draw the ogre's blood!
You feel better.
You feel slightly less thirsty.
The ogre is moderately wounded.
The ogre hits you with a giant club!
You die...
Yredelemnul claims you as an undead slave.

#.....# #z....####+#+
#............ #
#............ #.
#............
#.#######............
#.....z..............
#..Oz....###.......#.
#..z@z...##..........
#...z....##..........
............###.......#.
............# ##.....##.
............# ##...###.
...........# ##.## #z
#####.....###########z
#................. #....
...........


You could see an ogre, a gnoll skeleton, a friendly adder zombie, 2 friendly
gnoll zombies and a friendly rat skeleton.

Vanquished Creatures
  Jessica (D:2)
  7 adders
  4 gnolls
  3 giant mites
  A worm (D:2)
  4 giant geckos
  An ooze (D:1)
  9 bats
  3 giant cockroaches
  4 goblins
  12 hobgoblins
  A jackal (D:3)
  2 kobolds
  A quokka (D:2)
  2 ball pythons
  5 giant newts
  9 rats
69 creatures vanquished.

Vanquished Creatures (collateral kills)
  2 bats
  A goblin (D:1)
  A jackal (D:3)
  2 kobolds
  A rat (D:2)
7 creatures vanquished.

Vanquished Creatures (others)
  An adder zombie (D:3)
  A bat zombie (D:2)
  A goblin zombie (D:1)
  A jackal skeleton (D:3)
  2 kobold zombies
6 creatures vanquished.

Grand Total: 82 creatures vanquished

Notes
Turn   | Place    | Note
--------------------------------------------------------------
     0 | D:1      | PolkaDot, the Vampire Death Knight, began the quest for the Orb.
     0 | D:1      | Reached XP level 1. HP: 16/16 MP: 1/1
   231 | D:1      | Reached XP level 2. HP: 20/22 MP: 2/2
  1003 | D:2      | Noticed Jessica
  1021 | D:2      | Killed Jessica
  1021 | D:2      | Reached XP level 3. HP: 12/28 MP: 4/4
  1186 | D:2      | Acquired Yredelemnul's second power
  1246 | D:2      | Reached skill level 3 in Fighting
  1271 | D:2      | Found a blossoming altar of Fedhas.
  1338 | D:2      | Reached XP level 4. HP: 26/35 MP: 5/5
  1452 | D:2      | Noticed a moth of wrath
  1455 | D:2      | Found a bloodstained altar of Trog.
  1835 | D:2      | Found an ancient bone altar of Kikubaaqudgha.
  2645 | D:3      | Reached XP level 5. HP: 26/42 MP: 6/6
  3404 | D:4      | Acquired Yredelemnul's third power
  3518 | D:4      | Found a glowing golden altar of the Shining One.
  3637 | D:4      | Noticed an ogre
  3647 | D:4      | Slain by an ogre

Action                   |  1- 3 |  4- 6 || total
-------------------------+-------+-------++-------
Melee: Short sword       |   161 |   193 ||   354
Invok: Animate Remains   |    11 |    15 ||    26
       Animate Dead      |       |     2 ||     2
       Recall Undead Sla |       |     1 ||     1
Evoke: Wand              |       |     1 ||     1
  Use: Potion            |     1 |     2 ||     3
       Scroll            |       |     4 ||     4
 Stab: Distracted        |     1 |     1 ||     2
